 Dungeon Crawl Stone Soup version 0.29.1-14-g9c671dbff4 (webtiles) character file.

Game seed: 9332923647687164879

7802 fleeber the Carver (level 11, -1/87 HPs)
             Began as a Merfolk Gladiator on Feb 13, 2023.
             Was a Believer of Qazlal.
             Slain by a death yak (10 damage)
             ... on level 9 of the Dungeon.
             The game lasted 00:47:06 (14887 turns).

fleeber the Carver (Merfolk Gladiator)             Turns: 14887, Time: 00:47:07

Health: -1/87      AC: 15    Str: 14    XL:     11   Next: 20%
Magic:  15/15      EV: 17    Int: 11    God:    Qazlal [**....]
Gold:   327        SH: 10    Dex: 20    Spells: 14/16 levels left

rFire   + . .      SeeInvis .   a - +5 long sword
rCold   . . .      Faith    .   x - +2 buckler {rN+}
rNeg    + + .      Spirit   .   I - +3 leather armour {rF+}
rPois   .          Reflect  .   t - +0 helmet {Int+3}
rElec   .          Harm     .   F - +2 cloak
rCorr   .          Rampage  .   w - +0 pair of gloves
Will    .....                   (no boots)
Stlth   +.........              u - amulet of the acrobat
HPRegen 0.24/turn               o - +4 ring of protection
MPRegen 0.14/turn               G - ring of positive energy

@: no status effects
A: (nimble swimmer 2), mertail
a: Renounce Religion, Upheaval


You were on level 9 of the Dungeon.
You worshipped Qazlal.
Qazlal was pleased with you.
You visited 2 branches of the dungeon, and saw 10 of its levels.

You collected 602 gold pieces.
You spent 275 gold pieces at shops.

Inventory:

Hand Weapons
 a - a +5 long sword (weapon)
Missiles
 d - 4 throwing nets
 e - 4 javelins
 k - 43 stones
 q - 11 poisoned darts (quivered)
Armour
 t - a +0 helmet of intelligence (worn)
 w - a +0 pair of gloves (worn)
 x - a +2 buckler of positive energy (worn)
 F - a +2 cloak (worn)
 I - a +3 leather armour of fire resistance (worn)
Jewellery
 o - a +4 ring of protection (left hand)
 u - an amulet of the acrobat (around neck)
 G - a ring of positive energy (right hand)
 L - a ring of resist corrosion
Wands
 m - a wand of mindburst (8)
Scrolls
 c - a scroll of blinking {unknown}
 f - 4 scrolls of teleportation
 i - 2 scrolls of noise
 n - 3 scrolls of poison
 p - a scroll of vulnerability {unknown}
 r - 3 scrolls of brand weapon {unknown}
 v - a scroll of magic mapping
 y - a scroll of fog {unknown}
 A - a scroll of torment {unknown}
 C - 2 scrolls of immolation
 D - 2 scrolls of amnesia {unknown}
 H - a scroll of enchant armour {unknown}
 J - a scroll of fear {unknown}
Potions
 b - a potion of curing
 g - a potion of attraction
 h - 2 potions of degeneration
 j - 2 potions of heal wounds
 l - 2 potions of flight {unknown}
 s - a potion of haste {unknown}
 z - a potion of invisibility {unknown}
 B - a potion of might {unknown}
 E - a potion of brilliance {unknown}
 K - a potion of mutation {unknown}


   Skills:
 + Level 8.6 Fighting
 * Level 13.3 Long Blades
 - Level 2.0 Throwing
 + Level 9.2 Dodging
 - Level 3.0 Shields
 - Level 3.0 Spellcasting
 - Level 4.0 Translocations
 - Level 4.0 Invocations
 + Level 3.2 Evocations


You had 14 spell levels left.
You knew the following spells:

 Your Spells              Type           Power      Damage    Failure   Level
a - Blink                 Tloc           20%        N/A       13%         2

Your spell library contained the following spells:

 Spells                   Type           Power      Damage    Failure   Level
 Sandblast                Erth           2%         2d4       41%         1
 Passwall                 Tmut/Erth      0%         N/A       54%         2
 Ignite Poison            Fire/Tmut/Pois 1%         N/A       78%         3
 Mephitic Cloud           Conj/Pois/Air  1%         N/A       78%         3
 Ozocubu's Armour         Ice            1%         N/A       78%         3
 Stone Arrow              Conj/Erth      2%         3d7       78%         3
 Manifold Assault         Tloc           10%        N/A       93%         5
 Freezing Cloud           Conj/Ice/Air   0%         6-21      100%        5
 Metabolic Englaciation   Hex/Ice        0%         N/A       100%        5
 Simulacrum               Ice/Necr       0%         N/A       100%        6
 Storm Form               Tmut/Air       0%         N/A       100%        7


Dungeon Overview and Level Annotations

Branches:
Dungeon (9/15)             Temple (1/1) D:5             Orc (0/2) D:9
   Lair: D:8-11

Altars:
Ashenzari
Cheibriados
Dithmenos
Elyvilon
Fedhas
Gozag
Hepliaklqana
Kikubaaqudgha
Makhleb
Nemelex Xobeh
Okawaru
Qazlal
Ru
Sif Muna
Trog
Uskayaw
Vehumet
Wu Jian
Xom
Yredelemnul
Zin
The Shining One

Shops:
D:3 [   D:5 [   D:6 (   D:9 [

Annotations:
D:6 exclusions: downstairs and upstairs, Dowan, Duvessa
D:7 exclusion: upstairs
D:8 exclusion: downstairs


Innate Abilities, Weirdness & Mutations

((You are very nimble when in or above water. (Stealth+, EV+, Speed+++)))
Your lower body shifts to a powerful aquatic tail in water.


Message History

You hit the death yak but do no damage.
The death yak is moderately wounded.
The death yak misses you.
You hit the death yak.
The death yak is moderately wounded.
The death yak gores you!!
You slash the death yak!
The death yak is heavily wounded.
You block the death yak's attack.
You slash the death yak!
The death yak is heavily wounded.
The death yak gores you!
You hit the death yak.
The death yak is heavily wounded.
You hit the death yak.
The death yak is severely wounded.
The death yak completely misses you.
You hit the death yak.
The death yak is severely wounded.
The death yak gores you.
You hit the death yak.
The death yak is severely wounded.
The death yak gores you!
* * * LOW HITPOINT WARNING * * *
You hit the death yak but do no damage.
The death yak is severely wounded.
You block the death yak's attack.
You completely miss the death yak.
The death yak is severely wounded.
You hit the death yak but do no damage.
The death yak is severely wounded.
You block the death yak's attack.
You barely miss the death yak.
The death yak is severely wounded.
The death yak gores you!
* * * LOW HITPOINT WARNING * * *
You hit the death yak.
The death yak is severely wounded.
The death yak gores you!
You die...

....######....................#..
..............................#..
......................#########..
....####..............#.......>..
.......#..............#..........
.......#.##########+###..........
.......#.#........YY.............
.......###...##########.######...
.............#.Y@(....#.'....#...
[............#(○[.....#.#....#...
.............#........#.#....#...
.............[......[.#.######...
.............##########..........
........###......................
........# #......................
######### #######################


You could see a death yak.

Vanquished Creatures
  A two-headed ogre (D:9)
  3 death yaks
  Prince Ribbit (D:9)
  A hornet (D:7)
  3 yaks (D:9)
  A wyvern (D:9)
  Menkaure (D:6)
  2 water moccasins
  A black bear (D:6)
  3 ice beasts
  9 orc warriors
  6 sky beasts
  An ogre (D:6)
  3 centaurs
  A phantom (D:5)
  2 bullfrogs
  A gnoll sergeant (D:6)
  4 scorpions
  3 wights (D:8)
  5 killer bees
  2 howler monkeys
  4 hounds
  3 gnoll boudas
  8 orc priests
  3 jellies
  2 iguanas
  5 orc wizards
  Terence (D:3)
  7 adders
  22 gnolls
  3 white imps
  2 ufetubi
  4 worms
  A dart slug (D:2)
  40 orcs
  11 ball pythons
  6 bats
  3 endoplasms
  5 giant cockroaches
  5 goblins
  10 hobgoblins
  8 jackals
  2 quokkas (D:1)
  2 frilled lizards
  8 kobolds
  5 rats
  A butterfly (D:5)
225 creatures vanquished.

Vanquished Creatures (others)
  17 fungi (D:6)
17 creatures vanquished.

Grand Total: 242 creatures vanquished

Notes
Turn   | Place    | Note
-------+----------+-------------------------------------------
     0 | D:1      | fleeber the Merfolk Gladiator began the quest for the Orb.
     0 | D:1      | Reached XP level 1. HP: 16/16 MP: 1/1
   213 | D:1      | Reached skill level 4 in Long Blades
   294 | D:1      | Reached XP level 2. HP: 22/23 MP: 2/2
   713 | D:1      | Reached XP level 3. HP: 27/28 MP: 3/3
  1370 | D:2      | Reached skill level 5 in Long Blades
  1370 | D:2      | Reached XP level 4. HP: 24/35 MP: 4/4
  1841 | D:2      | Found a faded altar of an unknown god.
  2211 | D:3      | Reached skill level 1 in Translocations
  2307 | D:3      | Reached XP level 5. HP: 31/41 MP: 5/5
  2386 | D:3      | Noticed Terence
  2423 | D:3      | Killed Terence
  2586 | D:3      | Found a snail-covered altar of Cheibriados.
  2586 | D:3      | Found a sacrificial altar of Ru.
  2586 | D:3      | Found a hide-covered altar of Uskayaw.
  2920 | D:3      | Found Nuomiap's Antique Armour Boutique.
  2939 | D:3      | Bought a runed buckler for 165 gold pieces
  3028 | D:3      | Reached skill level 1 in Spellcasting
  3069 | D:3      | Reached skill level 6 in Long Blades
  3363 | D:3      | Reached XP level 6. HP: 38/48 MP: 7/7
  3712 | D:4      | Reached skill level 1 in Shields
  4009 | D:4      | Found a glowing golden altar of the Shining One.
  4964 | D:5      | Entered Level 5 of the Dungeon
  5026 | D:5      | Noticed an ice beast
  5251 | D:5      | Learned a level 2 spell: Blink
  5412 | D:5      | Reached XP level 7. HP: 29/54 MP: 9/9
  5640 | D:5      | Found Umnid's Antique Armour Boutique.
  6105 | D:5      | Reached skill level 7 in Long Blades
  6680 | D:5      | Found a staircase to the Ecumenical Temple.
  6687 | Temple   | Entered the Ecumenical Temple
  6722 | Temple   | Became a worshipper of Qazlal Stormbringer
  6919 | D:5      | Reached XP level 8. HP: 51/61 MP: 11/11
  7229 | D:6      | Reached skill level 1 in Invocations
  7469 | D:6      | Found Atsu Dacoam's Weapon Shop.
  7847 | D:6      | Noticed Menkaure
  7860 | D:6      | Killed Menkaure
  7861 | D:6      | Reached skill level 8 in Long Blades
  7999 | D:6      | Reached skill level 5 in Fighting
  9024 | D:6      | Noticed Duvessa
  9064 | D:6      | Noticed Dowan
  9631 | D:6      | Reached XP level 9. HP: 31/68 MP: 13/13
  9920 | D:7      | Noticed a hornet
  9931 | D:7      | Killed a hornet
  9932 | D:7      | Reached skill level 9 in Long Blades
  9932 | D:7      | Reached skill level 5 in Dodging
 10332 | D:7      | Reached * piety under Qazlal
 10997 | D:7      | Reached skill level 10 in Long Blades
 11365 | D:7      | Found a burning altar of Makhleb.
 11365 | D:7      | Noticed an Executioner
 11889 | D:8      | Reached XP level 10. HP: 77/77 MP: 14/14
 11989 | D:8      | Found a blossoming altar of Fedhas.
 12001 | D:8      | Found a hazy altar of Hepliaklqana.
 12017 | D:8      | Reached skill level 11 in Long Blades
 12194 | D:8      | Reached ** piety under Qazlal
 12521 | D:3      | Bought a glowing leather armour for 110 gold pieces
 13049 | D:9      | Found a staircase to the Orcish Mines.
 13056 | D:9      | Found Nyim Pairyu's Armour Boutique.
 13195 | D:9      | Reached skill level 12 in Long Blades
 13503 | D:9      | Noticed a death yak
 13503 | D:9      | Noticed a death yak
 13504 | D:9      | Noticed a death yak
 13504 | D:9      | Noticed a death yak
 13563 | D:8      | Killed a death yak
 13564 | D:8      | Reached skill level 1 in Evocations
 13888 | D:9      | Killed a death yak
 14158 | D:9      | Noticed Prince Ribbit
 14166 | D:9      | Killed Prince Ribbit
 14333 | D:9      | Reached XP level 11. HP: 83/86 MP: 15/15
 14378 | D:9      | Noticed a two-headed ogre
 14416 | D:9      | Killed a two-headed ogre
 14417 | D:9      | Reached skill level 13 in Long Blades
 14591 | D:9      | Noticed a death yak
 14591 | D:9      | Noticed a death yak
 14670 | D:8      | Killed a death yak
 14887 | D:9      | Slain by a death yak

Illustrated notes

Levels and vault maps discovered:
D:1:      zelgadis_glass_arrival_small, layout_basic, serial_bayou_pond_a
D:2:      layout_basic, ebering_ecumenical_altar_abandoned, minmay_pentomino_q2
D:3:      minmay_diamond_boxcup, layout_loops_ring,
          gammafunk_temple_overflow_claw, serial_shops,
          nicolae_shop_hallway_stairs, uniq_terence
D:4:      layout_layer_cave, mainiacjoe_overflow_small_starburst
D:5:      layout_loops_ring, minmay_temple_entry_butterflies, serial_shops,
          nicolae_shop_statue_plus, chequers_ossuary_entry_cave
D:6:      layout_basic, serial_aquarium, aquarium_bridge_square
          [aquarium_subvault_bridge, aquarium_subvault_bridge,
          aquarium_subvault_bridge, aquarium_subvault_wall],
          aquarium_bridge_long_separate [aquarium_subvault_bridge,
          aquarium_subvault_bridge, aquarium_subvault_bridge,
          aquarium_subvault_bridge, aquarium_subvault_wall,
          aquarium_subvault_wall], aquarium_window_corridor_1,
          aquarium_window_fake, aquarium_window_corner, aquarium_view_2f,
          aquarium_view_2e, serial_shops, shop, minmay_between, uniq_duvessa,
          uniq_menkaure
D:7:      minmay_spotlight, layout_loops_ring, makhleb_altar_promises_db
D:8:      layout_basic, lemuel_doored_altar, old_standard_altar
D:9:      layout_irregular_city, dpeg_lair_monsters, orc_david_3,
          nicolae_transmutations_shop, minmay_tree_intersection,
          uniq_prince_ribbit1
Temple:   minmay_freezing_vapour_temple

Skill      XL: |  1  2  3  4  5  6  7  8  9 10 11 |
---------------+----------------------------------+-----
Long Blades    | 4 5 6 7 8 10 12 13 | 13.3
Fighting       | 3 4 5 6 8 |  8.6
Translocations | 1 2 3 4 |  4.0
Spellcasting   | 1 2 3 |  3.0
Shields        | 1 2 3 |  3.0
Invocations    | 2 4 |  4.0
Dodging        | 6 8 9 |  9.2
Evocations     | 2 3 |  3.2
Throwing       | |  2.0

Action                   |  1- 3 |  4- 6 |  7- 9 | 10-12 || total
-------------------------+-------+-------+-------+-------++-------
Melee: Long sword        |   104 |   264 |   467 |   233 ||  1068
       Punch             |     1 |     1 |       |       ||     2
Throw: Dart              |       |     2 |    11 |     2 ||    15
       Javelin           |       |       |     1 |     3 ||     4
 Cast: Blink             |       |     1 |     1 |       ||     2
Invok: Upheaval          |       |       |       |     2 ||     2
  Use: Scroll            |       |     2 |    10 |     1 ||    13
       Potion            |       |     1 |     5 |       ||     6
 Stab: Sleeping          |     2 |       |     2 |       ||     4
Armor: Leather armour    |    34 |    77 |   123 |    32 ||   266
Dodge: Dodged            |    86 |   177 |   264 |    99 ||   626
Block: Buckler           |       |    53 |   169 |    86 ||   308
